 Dungeon Crawl Stone Soup version 0.25-a0-558-g78a2afb0af (console) character file.

Game seed: 7843669119894652699, levelgen mode: deterministic

170 Ignak the Magician (level 5, -3/38 HPs)
             Began as a Mummy Wizard on Feb 24, 2020.
             Slain by a worker ant (4 damage)
             ... on level 3 of the Dungeon on Feb 25, 2020.
             The game lasted 00:13:49 (4379 turns).

Ignak the Magician (Mummy Wizard)                   Turns: 4379, Time: 00:13:50

Health: -3/38      AC:  2    Str: 10    XL:     5   Next: 25%
Magic:  0/12       EV: 12    Int: 18    God:
Gold:   203        SH:  0    Dex: 11    Spells: 5/13 levels left

rFire    x . .     SeeInvis .   a - +0 rapier
rCold    + . .     Gourm    .   (no shield)
rNeg     + + +     Faith    .   d - +0 robe
rPois    ∞         Spirit   .   e - +0 hat
rElec    .         Reflect  .   (no cloak)
rCorr    .         Harm     .   (no gloves)
MR       .....                  (no boots)
Stlth    ++........             (no amulet)
HPRegen  0.12/turn              i - ring of flight
MPRegen  0.13/turn              (no ring)

@: very slightly contaminated
A: no food or potions, fire vulnerability, cold resistance 1, negative energy
resistance 3, torment resistance, unbreathing
a: Evoke Flight


You were on level 3 of the Dungeon.
You were not hungry.

You visited 1 branch of the dungeon, and saw 4 of its levels.

You collected 203 gold pieces.

Inventory:

Hand Weapons
 a - a +0 rapier (weapon)
 b - a +0 glaive
 k - a +1 dagger of speed
Armour
 d - a +0 robe (worn)
 e - a +0 hat (worn)
Jewellery
 i - a ring of flight (left hand)
Scrolls
 c - a scroll of enchant weapon
 g - a scroll of immolation {unknown}
 h - a scroll of noise {unknown}
 j - a scroll of enchant armour {unknown}


   Skills:
 + Level 1.9 Fighting
 + Level 2.3 Dodging
 - Level 1.5 Stealth
 + Level 4.7 Spellcasting
 + Level 1.9 Conjurations
 + Level 1.6 Summonings
 + Level 1.7 Translocations


You had 5 spell levels left.
You knew the following spells:

 Your Spells              Type           Power        Failure   Level  Hunger
a - Magic Dart            Conj           ##..         6%          1    N/A
b - Blink                 Tloc           N/A          11%         2    N/A
d - Mephitic Cloud        Conj/Pois/Air  #.......     32%         3    N/A
e - Call Imp              Summ           ##......     11%         2    N/A

Your spell library contained the following spells:

 Spells                   Type           Power        Failure   Level  Hunger
 Slow                     Hex            #.......     21%         2    N/A
 Conjure Flame            Conj/Fire      #.......     28%         3    N/A

Dungeon Overview and Level Annotations

Branches:
Dungeon (4/15)
 Temple: D:4-7

Altars:
Qazlal
Vehumet

Annotations:
D:3 Edmund


Innate Abilities, Weirdness & Mutations

You do not eat or drink.
Your flesh is vulnerable to fire.
You are immune to poison.
Your flesh is cold resistant. (rC+)
You are immune to negative energy. (rN+++)
You are immune to unholy pain and torment.
You can survive without breathing.


Message History

Nothing appears to happen.
The worker ant bites you. The worker ant bites you.
Edmund says, "A flail is better than a scythe, any day of the week!"
The worker ant closely misses you.
You see here a robe.
The worker ant bites you!
* * * LOW HITPOINT WARNING * * *
As you read the scroll of teleportation, it crumbles to dust.
You feel strangely unstable. The worker ant closely misses you.
You see here a spear.
The worker ant barely misses you.
Your surroundings seem slightly different.
Edmund grinds his teeth, and then sighs.
The worker ant bites you!
* * * LOW HITPOINT WARNING * * *
Casting: Mephitic Cloud (safe; 32% risk of failure)
Confirm with . or Enter, or press ? or * to list all spells.
A shadowy apparition takes form in the air.
The worker ant bites you.
You die...

#....###.####...#.#.(.......
###### #.#......#.#(#5######
#....#.#.#.#.#.####
###########.###.#.#...<#
#.....#.....).....######
#.###.#.###.###.#.#....#
#.#...#.#5@...#.#.#.##.#
#.#.###.#a#§#>#@###.##.###
#.#.# #.#@#...#.# #.##....
#.#.###.....###.# #.######
#.#.....#.#.###.# #.#
#.#####...#.....# #.#
#####.############### #.#
#...................# #.#
#.###.#############.###.#
#.....# #.....# #.#####
#.###.#


You could see Edmund, a worker ant and a friendly shadow imp.

Vanquished Creatures
  A bullfrog (D:3)
  A gnoll (D:2)
  2 adders (D:3)
  2 leopard geckos
  3 orcs (D:3)
  5 bats
  3 giant cockroaches (D:3)
  3 hobgoblins
  2 jackals (D:2)
  A ball python (D:1)
  6 frilled lizards
  4 goblins
  7 kobolds
  8 rats
48 creatures vanquished.

Vanquished Creatures (collateral kills)
  3 gnolls
  2 adders
  An ooze (D:3)
  A dart slug (D:3)
  A worm (D:2)
  A leopard gecko (D:1)
  An orc (D:3)
  A giant cockroach (D:1)
  3 goblins
  3 hobgoblins
  2 jackals (D:2)
  A quokka (D:2)
  3 bats (D:3)
  2 frilled lizards (D:1)
  2 kobolds (D:1)
  3 rats
30 creatures vanquished.

Grand Total: 78 creatures vanquished

Notes
Turn   | Place    | Note
-------+----------+-------------------------------------------
     0 | D:1      | Ignak the Mummy Wizard began the quest for the Orb.
     0 | D:1      | Reached XP level 1. HP: 13/13 MP: 5/5
   287 | D:1      | Reached skill level 1 in Conjurations
   445 | D:1      | Reached XP level 2. HP: 20/20 MP: 4/7
   449 | D:1      | Learned a level 2 spell: Blink
   452 | D:1      | Learned a level 2 spell: Call Imp
   642 | D:1      | Reached skill level 1 in Translocations
  1174 | D:1      | Reached skill level 1 in Summonings
  1450 | D:1      | Reached skill level 1 in Fighting
  1450 | D:1      | Reached XP level 3. HP: 16/26 MP: 2/8
  1508 | D:1      | Learned a level 3 spell: Mephitic Cloud
  2548 | D:2      | Found a stormy altar of Qazlal.
  2548 | D:2      | Found a radiant altar of Vehumet.
  2731 | D:3      | Reached XP level 4. HP: 29/32 MP: 10/10
  2980 | D:3      | Noticed a bullfrog
  3439 | D:3      | Killed a bullfrog
  3440 | D:3      | Reached XP level 5. HP: 11/38 MP: 0/11
  4331 | D:4      | Noticed Edmund
  4377 | D:3      | HP: 1/38 [worker ant (8)]
  4379 | D:3      | Slain by a worker ant

Levels and vault maps discovered:
D:1:      minmay_arrival_glassed_features, layout_basic,
          minmay_misc_feat_ornament
D:2:      layout_loops_cross, gammafunk_temple_overflow_wave
D:3:      minmay_bubble_buster, layout_basic
D:4:      layout_rooms, overflow_temple_1_default, kennysheep_vampire_church,
          portal_sewer_entry_d, uniq_robin, uniq_edmund

Skill      XL: |  1  2  3 |
---------------+----------+-----
Conjurations   | 1 |  1.9
Translocations | 1 |  1.7
Summonings     | 1 |  1.6
Fighting       | 1 |  1.9
Dodging        | 2 |  2.3
Stealth        | |  1.5
Spellcasting   | |  4.7

Action                   |  1- 3 |  4- 6 || total
-------------------------+-------+-------++-------
Melee: Unarmed           |     5 |       ||     5
       Whip              |    18 |       ||    18
       Short sword       |     4 |       ||     4
       Dagger            |     3 |       ||     3
       Rapier            |    32 |    56 ||    88
       Quarterstaff      |     4 |       ||     4
 Cast: Magic Dart        |    36 |       ||    36
       Call Imp          |    25 |    24 ||    49
       Mephitic Cloud    |     2 |     5 ||     7
  Use: Scroll            |     3 |     4 ||     7
 Stab: Sleeping          |       |     1 ||     1
Armor: Robe              |    21 |    12 ||    33
Dodge: Dodged            |    58 |    82 ||   140

Table legend:
 A = Non-vault XP
 B = Vault XP
 C = Vault XP percentage of total XP
 D = Non-vault monster count
 E = Vault monster count
 F = Vault count percentage of total count
                 A         B        C        D         E       F
            +---------+---------+-------+---------+---------+-------
      Total |     142 |     101 |  41.6 |      61 |      17 |  21.8
            +---------+---------+-------+---------+---------+-------
        D:1 |      41 |       0 |   0.0 |      26 |       0 |   0.0
        D:2 |      50 |       0 |   0.0 |      17 |       0 |   0.0
        D:3 |      51 |     101 |  66.4 |      18 |      17 |  48.6
            +---------+---------+-------+---------+---------+-------
